 Dungeon Crawl Stone Soup version 0.17-a0-1447-g3d113ad (webtiles) character file.

467 Optimistisk the Chopper (level 6, -12/47 HPs)
             Began as a Demonspawn Berserker on June 28, 2015.
             Was an Elder of Trog.
             Mangled by an ogre
             ... wielding a +0 giant spiked club
              (14 damage)
             ... on level 5 of the Dungeon.
             The game lasted 00:06:36 (3695 turns).

Optimistisk the Chopper (Demonspawn Berserker)      Turns: 3695, Time: 00:06:36

Health: -12/47     AC: 19    Str: 18    XL:     6   Next: 81%
Magic:  6/6        EV:  2    Int: 10    God:    Trog [****..]
Gold:   207        SH:  0    Dex: 12    Spells: 0 memorised, 5 levels left

rFire  . . .     SeeInvis .     a - +0 hand axe
rCold  . . .     Clarity  .     k - +0 crystal plate armour (curse)
rNeg   + . .     SustAt   +     (no shield)
rPois  .         Gourm    .     i - +0 helmet
rElec  .         Spirit   .     (no cloak)
rCorr  .         Warding  +     p - +1 pair of gloves
rMut   .         Stasis   .     (no boots)
MR     .....                    l - amulet of warding
Stlth  ..........               (no ring)
                                j - ring of sustain attributes

@: not resistant to hostile enchantments, extremely unstealthy
A: claws 2, nightstalker 3
a: Burn Spellbooks, Berserk, Trog's Hand, Brothers in Arms, Renounce Religion


You were on level 5 of the Dungeon.
You worshipped Trog.
Trog was greatly pleased with you.
You were not hungry.

You visited 1 branch of the dungeon, and saw 5 of its levels.

You collected 207 gold pieces.

Inventory:

Hand weapons
 a - a +0 hand axe (weapon)
Armour
 b - a +0 animal skin
 i - a +0 helmet (worn)
 k - a cursed +0 crystal plate armour (worn)
 p - a +1 pair of gloves (worn)
Jewellery
 j - a ring of sustain attributes (left hand)
 l - an amulet of warding (around neck)
Scrolls
 e - 3 scrolls of identify {unknown}
 h - 3 scrolls of magic mapping {unknown}
 m - a scroll of noise {unknown}
 n - a scroll of enchant armour {unknown}
Potions
 o - 3 potions of brilliance {unknown}
Comestibles
 c - 3 bread rations
 d - a royal jelly
 f - 2 meat rations
 g - 2 slices of pizza


   Skills:
 - Level 3.0 Fighting
 + Level 6.1 Axes
 + Level 3.9 Armour
 - Level 1.7 Dodging


You had 5 spell levels left.
You didn't know any spells.

Dungeon Overview and Level Annotations

Branches:
Dungeon (5/15)             Temple (0/1) D:4

Altars:
Gozag
Xom
Yredelemnul


Innate Abilities, Weirdness & Mutations

You have very sharp fingernails.
You are completely attuned to the shadows.


Message History

The ogre is heavily wounded.
The ogre hits you with a giant spiked club!
Your crystal plate armour prevents you from hitting the ogre.
The ogre is heavily wounded.
The ogre hits you with a giant spiked club!
You hit the ogre.
The ogre is heavily wounded.
A worker ant comes into view.
Your crystal plate armour prevents you from hitting the ogre.
The ogre is heavily wounded.
The worker ant twitches its antennae in your direction.
The ogre hits you but does no damage.
Your crystal plate armour prevents you from hitting the ogre.
The ogre is heavily wounded.
The ogre hits you with a giant spiked club!!
* * * LOW HITPOINT WARNING * * *
You hit the ogre.
The ogre is heavily wounded.
The ogre hits you with a giant spiked club!
You die...

### #.#.# #.. #.#.#
#.# ###$#.# ### #.#
....#.#####.#######.#
...O@.............#.#
##.a#.###.#.#####.#.#
....#.# #.#.......#.#
##.##.# #.###.#.###.#
.. ... ............#
#.# .....######
###..###### ...#.....
#.####


You could see an ogre and a worker ant.

Vanquished Creatures
  A sky beast (D:5)
  A centaur (D:3)
  A scorpion (D:4)
  A hound (D:4)
  An orc priest (D:4)
  2 worker ants (D:4)
  2 adders
  5 worms
  An adder skeleton (D:4)
  2 giant geckos
  5 orcs
  A bat skeleton (D:5)
  5 giant cockroaches
  6 hobgoblins
  8 jackals
  A quokka (D:3)
  A ball python (D:2)
  7 bats
  12 giant newts
  9 goblins
  15 kobolds
  35 rats
122 creatures vanquished.

Notes
Turn   | Place    | Note
--------------------------------------------------------------
     0 | D:1      | Optimistisk the Demonspawn Berserker began the quest for the Orb.
     0 | D:1      | Reached XP level 1. HP: 18/18 MP: 1/1
   127 | D:1      | Gained mutation: You have sharp fingernails. [demonic ancestry]
   127 | D:1      | Reached XP level 2. HP: 18/24 MP: 2/2
   329 | D:1      | Acquired Trog's second power
   701 | D:1      | Gained mutation: You have very sharp fingernails. [demonic ancestry]
   701 | D:1      | Reached XP level 3. HP: 26/29 MP: 3/3
   768 | D:2      | Found a basalt altar of Yredelemnul.
   768 | D:2      | Found a shimmering altar of Xom.
   821 | D:2      | Found an opulent altar of Gozag.
   866 | D:2      | Reached skill level 4 in Axes
  1581 | D:2      | Gained mutation: You are slightly more attuned to the shadows. [demonic ancestry]
  1581 | D:2      | Reached XP level 4. HP: 26/35 MP: 4/4
  2261 | D:3      | Reached skill level 5 in Axes
  2515 | D:3      | Noticed a centaur
  2535 | D:3      | Killed a centaur
  2535 | D:3      | Gained mutation: You are significantly more attuned to the shadows. [demonic ancestry]
  2535 | D:3      | Reached XP level 5. HP: 17/41 MP: 5/5
  2830 | D:4      | Gained mutation: You are completely attuned to the shadows. [demonic ancestry]
  2830 | D:4      | Reached XP level 6. HP: 16/47 MP: 6/6
  3168 | D:4      | Acquired Trog's third power
  3265 | D:4      | Found a staircase to the Ecumenical Temple.
  3524 | D:5      | Entered Level 5 of the Dungeon
  3645 | D:5      | Reached skill level 6 in Axes
  3694 | D:5      | HP: 2/47 [ogre/giant spiked club (20)]
  3695 | D:5      | Mangled by an ogre

Vault maps used:
D:1:      dpeg_arrival_solitude, minmay_newt_pond
D:2:      grunt_gozag_breadcrumbs, gammafunk_temple_overflow_wave,
          minmay_rats_cheesy_pizza
D:3:      first_bread, kennysheep_cross_room
D:4:      temple_hall_moat
D:5:      nicolae_overflow_hidden_temple, nicolae_ru_the_path_less_chosen,
          zin_purify, nrook_mini_backslash, tgw_xom, uniq_blork_the_orc

Action                   |  1- 3 |  4- 6 || total
-------------------------+-------+-------++-------
Melee: Hand axe          |   143 |   329 ||   472
Invok: Berserk           |     4 |     1 ||     5
  Use: Potion            |     2 |     1 ||     3
 Stab: Sleeping          |     1 |     1 ||     2
  Eat: Chunk             |     2 |     4 ||     6
       Bread ration      |     1 |     1 ||     2
